 Dungeon Crawl Stone Soup version 0.28.0-45-g0d030f2227 (webtiles) character file.

Game seed: 8028526151589433128

9 DuloT34 the Ruffian (level 2, -1/25 HPs)
             Began as a Naga Transmuter on Apr 21, 2022.
             Was a Follower of Nemelex Xobeh.
             Slain by a hobgoblin (5 damage)
             ... on level 1 of the Dungeon.
             The game lasted 00:01:49 (514 turns).

DuloT34 the Ruffian (Naga Transmuter)                Turns: 514, Time: 00:01:49

Health: -1/25      AC:  1    Str: 12    XL:     2   Next: 12%
Magic:  3/5        EV:  9    Int: 13    God:    Nemelex Xobeh [*.....]
Gold:   28         SH:  0    Dex: 11    Spells: 2/5 levels left

rFire   . . .      SeeInvis +     - Unarmed
rCold   . . .      Faith    .   (no shield)
rNeg    . . .      Spirit   .   a - +0 robe
rPois   +          Reflect  .   (helmet currently unavailable)
rElec   .          Harm     .   (no cloak)
rCorr   .          Rampage  .   (no gloves)
Will    .....                   (no barding)
Stlth   +.........              (no amulet)
HPRegen 0.08/turn               (no ring)
MPRegen 0.09/turn               (no ring)

@: appendages (expiring), wereblooded, very slow
A: horns 2, AC +0, large, see invisible, deformed body, poison resistance,
slowness 2, spit poison 1, naga tail 1
a: Spit Poison, End Transformation, Renounce Religion, Draw Escape, Draw
Destruction, Draw Summoning


You were on level 1 of the Dungeon.
You worshipped Nemelex Xobeh.
Nemelex Xobeh was aware of your devotion.
You had temporarily grown beastly horns.
You visited 1 branch of the dungeon, and saw 1 of its levels.

You collected 28 gold pieces.

Inventory:

Armour
 a - a +0 robe (worn)
Potions
 c - a potion of heal wounds {unknown}
 d - 2 potions of magic {unknown}


   Skills:
 - Level 1.0 Fighting
 - Level 1.5 Dodging
 - Level 3.0 Unarmed Combat
 - Level 2.0 Spellcasting
 + Level 2.3 Transmutations
 + Level 1.1 Invocations


You had 2 spell levels left.
You knew the following spells:

 Your Spells              Type           Power      Damage    Failure   Level
a - Beastly Appendage     Tmut           14%        N/A       10%         1
b - Wereblood             Tmut           7%         N/A       14%         2

Your spell library contained the following spells:

 Spells                   Type           Power      Damage    Failure   Level
 Spider Form              Tmut/Pois      4%         N/A       43%         3
 Ice Form                 Ice/Tmut       4%         N/A       83%         4


Dungeon Overview and Level Annotations

Branches:
Dungeon (1/15)

Altars:
Nemelex Xobeh

Shops:
D:1 ***


Innate Abilities, Weirdness & Mutations

You have temporarily grown beastly horns.
Your serpentine skin is tough. (AC +0)
You have supernaturally acute eyesight. (SInv)
Armour fits poorly on your strangely shaped body.
Your system is resistant to poisons. (rPois)
You cover ground very slowly.
You can spit poison.
You have a snake-like lower body.


Message History

You start memorising the spell.
You continue memorising. x2
You finish memorising.
Spell assigned to 'b'.
Your horns disappear.
A hobgoblin comes into view.
A hobgoblin is nearby!
The hobgoblin shouts!
Casting: Beastly Appendage (safe; 10% risk of failure)
Confirm with . or Enter, or press ? or * to list all spells.
You grow a pair of large bovine horns.
Casting: Beastly Appendage (safe; 10% risk of failure)
Confirm with . or Enter, or press ? or * to list all spells.
Your blood is infused with primal strength.
You barely miss the hobgoblin. The hobgoblin barely misses you.
You closely miss the hobgoblin. Your headbutt misses the hobgoblin.
Your transformation is almost over.
The hobgoblin hits you.
You hit the hobgoblin. Your headbutt misses the hobgoblin.
The hobgoblin is heavily wounded.
The hobgoblin barely misses you.
You closely miss the hobgoblin.
The hobgoblin is heavily wounded.
The hobgoblin hits you.
You barely miss the hobgoblin.
The hobgoblin is moderately wounded.
The hobgoblin hits you.
You are too injured to fight recklessly!
You are too injured to fight recklessly!
You barely miss the hobgoblin.
The hobgoblin is moderately wounded.
The hobgoblin hits you.
* * * LOW HITPOINT WARNING * * *
You hit the hobgoblin but do no damage. You punch the hobgoblin.
The hobgoblin is severely wounded.
The hobgoblin hits you.
* * * LOW HITPOINT WARNING * * *
You barely miss the hobgoblin.
The hobgoblin is severely wounded.
The hobgoblin hits you.
You die...
Your body disappears without a glow.

... #.#....†°.. ..#
#......°... #.#
##∩.∩.......
#.####...........
######......∩.∩....... .
.............)........
..#####..........#........
.........g.......#........
.........@...........#....
............###........##.
......)....## #........##.
.#........## ##.......##.
##.....)## #.....#....
#..###.. ..... ... #.#
##.. . #. #.. # ##.


You could see a hobgoblin.

Vanquished Creatures
  3 goblins (D:1)
  A kobold (D:1)
  A quokka (D:1)
  2 ball pythons (D:1)
  A frilled lizard (D:1)
8 creatures vanquished.

Notes
Turn   | Place    | Note
-------+----------+-------------------------------------------
     0 | D:1      | DuloT34 the Naga Transmuter began the quest for the Orb.
     0 | D:1      | Reached XP level 1. HP: 18/18 MP: 3/3
   208 | D:1      | Found a faded altar of an unknown god.
   220 | D:1      | Prayed at the altar of an unknown god.
   220 | D:1      | Became a worshipper of Nemelex Xobeh the Trickster
   220 | D:1      | Reached * piety under Nemelex Xobeh
   220 | D:1      | Received a gift from Nemelex Xobeh
   245 | D:1      | Found Quwelerch's General Store.
   245 | D:1      | Found Ximunuwn's Assorted Antiques.
   336 | D:1      | Found Widungen's Assorted Antiques.
   465 | D:1      | Reached XP level 2. HP: 25/25 MP: 5/5
   486 | D:1      | Reached skill level 1 in Invocations
   492 | D:1      | Learned a level 2 spell: Wereblood
   514 | D:1      | Slain by a hobgoblin

Illustrated notes

Levels and vault maps discovered:
D:1:      tarquinn_simple_flora_water_a, layout_rooms, serial_shops, shop,
          nicolae_shop_stone, nicolae_shop_crystal,
          nicolae_shop_competitors_out_of_business, serial_co_window_serial,
          co_window_cross_1, co_window_corner_a, co_window_corner_a,
          co_window_paths_b, co_window_of_opportunity_a, co_window_paths_a,
          co_window_paths_a, co_window_of_opportunity_c, co_window_2corner,
          co_window_paths_c, co_window_2corner, glass_columns_b,
          glass_columns_b, hellmonk_ecumenical_altar_lost_god

Skill      XL: |  1  2 |
---------------+-------+-----
Invocations    | 1 |  1.1
Fighting       | |  1.0
Dodging        | |  1.5
Unarmed Combat | |  3.0
Spellcasting   | |  2.0
Transmutations | |  2.3

Action                   || total
-------------------------++-------
Melee: Unarmed           ||    25
       Headbutt          ||     2
       Punch             ||     2
 Cast: Beastly Appendage ||     6
       Wereblood         ||     1
Invok: Draw Destruction  ||     1
  Use: Scroll            ||     2
Armor: Robe              ||     1
Dodge: Dodged            ||     6
